 Dungeon Crawl Stone Soup version 0.20-a0-820-g557356e (console) character file.

286 nht the Cleaver (level 6, -3/50 HPs)
             Began as a Hill Orc Gladiator on Mar 4, 2017.
             Was a Believer of Cheibriados.
             Slain by an orc
             ... wielding a +0 war axe
              (5 damage)
             ... on level 3 of the Dungeon.
             The game lasted 00:02:59 (1784 turns).

nht the Cleaver (Hill Orc Gladiator)                Turns: 1784, Time: 00:03:01

Health: -3/50      AC:  4    Str: 23 (24) XL:     6   Next: 30%
Magic:  6/6        EV: 13    Int: 11 (13) God:    Cheibriados [**....]
Gold:   164        SH:  0    Dex: 16 (17) Spells: 5/5 levels left

rFire    . . .     SeeInvis .   a - +0 war axe
rCold    . . .     Gourm    .   b - +0 leather armour
rNeg     . . .     Faith    .   (no shield)
rPois    .         Spirit   .   u - +0 helmet
rElec    .         Reflect  .   (no cloak)
rCorr    .         Harm     .   (no gloves)
MR       .....                  (no boots)
Stlth    +.........             (no amulet)
Regen    0.2/turn               (no ring)
MPRegen  0.1/turn               (no ring)

@: very slow
A: no striking features
a: Bend Time, Renounce Religion


You were on level 3 of the Dungeon.
You worshipped Cheibriados.
Cheibriados was pleased with you.
You were hungry.

You visited 1 branch of the dungeon, and saw 3 of its levels.

You collected 164 gold pieces.

Inventory:

Hand Weapons
 a - a +0 war axe (weapon)
Missiles
 d - 3 throwing nets (quivered)
 s - 7 javelins
Armour
 b - a +0 leather armour (worn)
 u - a +0 helmet (worn)
Scrolls
 c - a scroll of magic mapping {unknown}
 e - 4 scrolls of teleportation {unknown}
 g - a scroll of noise {unknown}
 i - 2 scrolls of random uselessness {unknown}
 k - a scroll of immolation {unknown}
 l - a scroll of recharging {unknown}
 o - 2 scrolls of identify {unknown}
 p - a scroll of fear {unknown}
 r - a scroll of enchant armour {unknown}
 v - a scroll of blinking {unknown}
Potions
 n - a potion of ambrosia
 q - a potion of heal wounds {unknown}
 t - a potion of lignification {unknown}
Comestibles
 f - 3 bread rations
 h - 2 meat rations
 j - 2 royal jellies
 m - a chunk of flesh


   Skills:
 - Level 2.4 Fighting
 + Level 9.1 Axes
 - Level 1.7 Throwing
 - Level 2.4 Dodging


You had 5 spell levels left.
You didn't know any spells.

Dungeon Overview and Level Annotations

Branches:
Dungeon (3/15)

Altars:
Cheibriados
Yredelemnul


Message History

You are too injured to fight recklessly!
You closely miss the orc priest.
The orc priest is almost dead.
You closely miss the orc. The orc barely misses you.
The orc priest closely misses you.
You hit the orc priest.
You kill the orc priest!
Cheibriados thoroughly appreciates the change of pace.
Your Axes skill increases to level 9!
You closely miss the orc. The orc barely misses you.
You hit the orc.
The orc is severely wounded.
The orc closely misses you.
You hit the orc.
The orc is almost dead.
The orc misses you.
You barely miss the orc.
The orc is almost dead.
The orc hits you with a war axe.
You die... ██+█ █.... ██████

.....████████....█
......█.█..█..██.█
).....†.█.....██.█
......o@.......█.█
......).█..[..██.█
......█.█.██..██.█
.....██.█.███.██.█
█...█ █.█........█


██+█ █.......████ █.█ ███████.█ █.█ █.█ ██.██████ █.█ You could see an orc.

Vanquished Creatures
  4 orc priests (D:3)
  Jessica (D:2)
  Terence (D:2)
  Robin (D:2)
  2 adders (D:2)
  A dart slug (D:2)
  2 leopard geckos (D:2)
  8 orcs (D:3)
  5 bats
  A giant cockroach (D:1)
  13 goblins
  15 hobgoblins
  8 jackals
  5 kobolds
  4 frilled lizards
  2 rats (D:2)
73 creatures vanquished.

Notes
Turn   | Place    | Note
-------+----------+-------------------------------------------
     0 | D:1      | nht the Hill Orc Gladiator began the quest for the Orb.
     0 | D:1      | Reached XP level 1. HP: 18/18 MP: 1/1
    70 | D:1      | Reached XP level 2. HP: 17/25 MP: 2/2
   323 | D:1      | Reached skill level 5 in Axes
   466 | D:1      | Found a snail-covered altar of Cheibriados.
   672 | D:1      | Became a worshipper of Cheibriados the Contemplative
   699 | D:2      | Reached XP level 3. HP: 29/30 MP: 3/3
   777 | D:2      | Found a basalt altar of Yredelemnul.
   796 | D:2      | Reached skill level 6 in Axes
   801 | D:2      | Reached * piety under Cheibriados
   818 | D:2      | Reached XP level 4. HP: 15/37 MP: 4/4
   834 | D:2      | Noticed Jessica
   849 | D:2      | Killed Jessica
  1045 | D:2      | Noticed Robin
  1047 | D:2      | Noticed Terence
  1053 | D:2      | Reached skill level 7 in Axes
  1073 | D:2      | Reached ** piety under Cheibriados
  1078 | D:2      | Killed Robin
  1078 | D:2      | Reached XP level 5. HP: 19/42 MP: 5/5
  1089 | D:2      | Killed Terence
  1299 | D:3      | Reached skill level 8 in Axes
  1754 | D:3      | Reached XP level 6. HP: 50/50 MP: 6/6
  1779 | D:3      | HP: 1/50 [orc priest/divine providence (14)]
  1781 | D:3      | Reached skill level 9 in Axes
  1784 | D:3      | Slain by an orc

Vault maps used:
D:1:      lightli_iron_boxes, cheibriados_altar_1
D:2:      lemuel_crystal_altar, first_bread, uniq_terence, uniq_jessica,
          uniq_robin
D:3:      minitemple, corexii_corridor_pit

Skill      XL: |  1  2  3  4  5  6 |
---------------+-------------------+-----
Axes           | 5 6 7 8 9 |  9.1
Fighting       | |  2.4
Throwing       | |  1.7
Dodging        | |  2.4

Action                   |  1- 3 |  4- 6 || total
-------------------------+-------+-------++-------
Melee: War axe           |    87 |   120 ||   207
  Use: Potion            |       |     3 ||     3
  Eat: Chunk             |       |     1 ||     1
Armor: Leather armour    |    34 |    13 ||    47
Dodge: Dodged            |    80 |    83 ||   163
